AoeStats
← | ArCas | Toruk Makto

Arena

508997079Analyzed
4v4 RM · 6d ago on Sep 25, 2026· 37m 58s· 8 players
Game mode
Random Map
Map size
Large (8 player)
Population
200
Speed
Normal
Resources
Standard
Victory
Conquest
Starting age
Dark Age
Ending age
Imperial Age
RankedLock teamsTeams togetherTeam positionsShared explorationLock speedFull tech treeHidden civsTurbo modeCheats
Victory
Defeat
🇲🇽 Ethiopians · Mexico
1412
+13
🇲🇽 Georgians · Mexico
1390
+14
🇮🇹 Tatars · Italy
1372
+15
🇺🇸 Saxons · United States
1350
+15
🇧🇷 Saxons · Brazil
1385
-16
🇨🇳 Persians · China
1358
-15
🇵🇪 Mongols · Peru
1316
-13
🇦🇷 Malay · Argentina
1309
-13
meh
5:54 Loom
8:12 Feudal Age
13:53 Fletching
15:04 Town Watch
19:28 Horse Collar
26:01 Castle Age
26:13 Wheelbarrow
27:38 Double-Bit Axe
33:11 Imperial Age
31:25 Heavy Plow
31:33 Scale Mail Armor
31:43 Forging
31:40 Gold Mining
33:18 Bow Saw
33:50 Chain Mail Armor
35:00 Iron Casting
34:03 Pikeman
35:37 Conscription
35:38 Squires
35:23 Gambesons
35:30 Gambesons
36:38 Plate Mail Armor
37:08 Arson
36:51 Halberdier
37:54 Shield Wall
JR | cristopher7gc
9:11 Feudal Age
13:01 Castle Age
13:29 Loom
25:59 Imperial Age
23:54 Horse Collar
24:09 Double-Bit Axe
25:23 Forging
30:12 Heavy Plow
33:36 Wheelbarrow
.|.
10:26 Feudal Age
11:41 Loom
14:12 Castle Age
12:08 Double-Bit Axe
12:29 Horse Collar
14:43 Wheelbarrow
15:50 Bow Saw
23:32 Hand Cart
27:55 Imperial Age
25:28 Stone Mining
25:31 Gold Mining
25:52 Guard Tower
26:36 Heavy Plow
26:22 Town Watch
28:20 Ballistics
28:38 Svan Towers
28:32 Murder Holes
29:32 Stone Shaft Mining
30:28 Chemistry
30:05 Keep
29:21 Treadmill Crane
30:14 Fletching
30:36 Forging
30:23 Arrowslits
31:00 Bodkin Arrow
31:41 Conscription
31:24 Scale Mail Armor
32:38 Iron Casting
32:17 Bloodlines
32:07 Husbandry
31:28 Light Cavalry
31:46 Pikeman
32:27 Squires
32:12 Gambesons
32:13 Arson
32:35 Bracer
32:41 Scale Barding Armor
32:15 Halberdier
33:07 Hussar
34:29 Crop Rotation
36:26 Blast Furnace
35:43 Chain Mail Armor
38:36 Chain Barding Armor
eartahhj | GamingHouse
12:40 Feudal Age
13:16 Double-Bit Axe
13:13 Horse Collar
16:13 Castle Age
17:16 Bow Saw
18:44 Heavy Plow
23:26 Gold Mining
23:27 Stone Mining
28:26 Imperial Age
27:46 Ballistics
27:16 Fletching
27:28 Padded Archer Armor
28:25 Loom
29:41 Wheelbarrow
29:41 Bloodlines
29:31 Husbandry
30:05 Heavy Cavalry Archer
30:42 Bodkin Arrow
31:03 Leather Archer Armor
32:25 Chemistry
32:56 Crop Rotation
32:59 Ring Archer Armor
33:45 Heavy Camel Rider
36:49 Forging
36:45 Scale Barding Armor
37:06 Conscription
36:48 Silk Armor
38:12 Iron Casting
37:38 Bracer
37:52 Masonry
38:31 Hand Cart
38:02 Town Watch
aariva83
9:41 Feudal Age
10:26 Loom
14:58 Fletching
22:19 Castle Age
20:35 Double-Bit Axe
21:27 Horse Collar
21:51 Gold Mining
23:50 Bow Saw
23:41 Heavy Plow
24:29 Bodkin Arrow
| ArCas | Toruk Makto
11:56 Feudal Age
15:29 Castle Age
13:22 Double-Bit Axe
13:22 Horse Collar
14:35 Forging
14:30 Loom
30:00 Heavy Plow
30:20 Town Watch
32:27 Bow Saw
33:45 Gold Mining
33:46 Stone Mining
35:02 Wheelbarrow
39:18 Imperial Age
36:46 Fletching
37:31 Iron Casting
36:33 Crossbowman
37:17 Padded Archer Armor
38:06 Gold Shaft Mining
37:55 Thumb Ring
37:54 Bodkin Arrow
38:21 Hand Cart
祈求好运
6:54 Loom
10:45 Feudal Age
14:57 Castle Age
12:58 Double-Bit Axe
13:03 Horse Collar
14:20 Bloodlines
20:17 Scale Barding Armor
23:34 Bow Saw
24:04 Wheelbarrow
24:17 Heavy Plow
25:08 Hand Cart
28:01 Gold Mining
30:57 Imperial Age
28:39 Forging
28:50 Chain Barding Armor
29:21 Gold Shaft Mining
29:11 Husbandry
30:17 Iron Casting
31:22 Cavalier
33:22 Plate Barding Armor
33:49 Blast Furnace
33:45 Conscription
33:32 Savar
35:39 Stone Mining
37:01 Two-Man Saw
36:37 Fletching
37:31 Stone Shaft Mining
36:25 Light Cavalry
TmZ_Mosquito Sedutor
11:25 Feudal Age
12:19 Horse Collar
15:11 Castle Age
13:12 Double-Bit Axe
19:42 Bow Saw
25:54 Wheelbarrow
25:05 Loom
25:29 Gold Mining
25:29 Stone Mining
25:44 Heavy Plow
28:39 Imperial Age
27:32 Forging
27:22 Scale Mail Armor
27:28 Scale Barding Armor
27:13 Fletching
27:11 Town Watch
28:06 Hand Cart
28:59 Iron Casting
29:43 Gold Shaft Mining
29:09 Arson
29:25 Squires
29:12 Gambesons
29:43 Chain Mail Armor
29:47 Elite Varangian Guard
32:25 Two-Man Saw
32:45 Crop Rotation
32:07 Treadmill Crane
32:15 Treadmill Crane
33:27 Plate Mail Armor
33:32 Chain Barding Armor
33:50 Ballistics
33:51 Bodkin Arrow
33:57 Padded Archer Armor
34:19 Conscription
33:22 Shield Wall
34:50 Pikeman
36:22 Capped Ram
37:40 Siege Ram
Connection lost

Rejoining the realm…

Still unreachable

The connection could not be restored.

Session expired

The server has moved on; the page needs a fresh start.